 Dungeon Crawl Stone Soup version 0.17-a0-1738-g82cdc46 (webtiles) character file.

151 TruthSerum the Skirmisher (level 5, -11/42 HPs)
             Began as a Demonspawn Berserker on Aug 31, 2015.
             Was an Initiate of Dithmenos.
             Mangled by a polar bear (17 damage)
             ... created by the rage of Trog
             ... on level 3 of the Dungeon.
             The game lasted 00:15:21 (2000 turns).

TruthSerum the Skirmisher (Demonspawn Berserker)    Turns: 2000, Time: 00:15:21

Health: -11/42     AC:  7    Str: 18    XL:     5   Next: 11%
Magic:  0/5        EV: 11    Int:  9    God:    Dithmenos [......]
Gold:   127        SH:  0    Dex: 12    Spells: 0 memorised, 4 levels left

rFire  . . .     SeeInvis .     e - +0 short sword
rCold  . . .     Clarity  .     f - +0 ring mail (curse)
rNeg   . . .     SustAt   .     (no shield)
rPois  .         Gourm    .     (no helmet)
rElec  .         Spirit   +     m - +1 cloak
rCorr  .         Warding  .     (no gloves)
rMut   .         Stasis   .     (no boots)
MR     .....                    (no amulet)
Stlth  ++........               (no ring)
                                (no ring)

@: not resistant to hostile enchantments, unstealthy
A: hooves 1, nightstalker 1, magic shield
a: Renounce Religion


You were on level 3 of the Dungeon.
You worshipped Dithmenos.
Dithmenos was noncommittal.
You were not hungry.

You visited 1 branch of the dungeon, and saw 3 of its levels.

You collected 127 gold pieces.

Inventory:

Hand weapons
 a - a +0 falchion
 e - a +0 short sword (weapon)
Armour
 f - a cursed +0 ring mail (worn)
 k - a +1 robe of fire resistance
 m - a +1 cloak (worn)
 q - a +0 chain mail
Scrolls
 b - 3 scrolls of enchant armour {unknown}
 j - 2 scrolls of teleportation {unknown}
 l - a scroll of noise {unknown}
 o - a scroll of fear {unknown}
 p - a scroll of amnesia {unknown}
 t - a scroll of fog {unknown}
 u - a scroll of recharging {unknown}
Potions
 d - 2 potions of heal wounds
 g - 3 potions of resistance
 h - a potion of agility
 v - a potion of cancellation {unknown}
 w - a potion of curing {unknown}
Comestibles
 c - 6 bread rations
 i - a meat ration
 s - a chunk of flesh


   Skills:
 + Level 4.3 Fighting
 * Level 4.2 Long Blades
 - Level 1.7 Armour
 - Level 1.7 Dodging
 + Level 0.6 Stealth
 + Level 0.6 Invocations


You had 4 spell levels left.
You didn't know any spells.

Dungeon Overview and Level Annotations

Branches:
Dungeon (3/15)

Altars:
Dithmenos


Innate Abilities, Weirdness & Mutations

You have large cloven feet.
You are slightly more attuned to the shadows.
When hurt, damage is shared between your health and your magic reserves.


Message History

A worm comes into view.
The polar bear bites you! The polar bear misses you.
The polar bear claws you but does no damage.
The polar bear bites you! The polar bear barely misses you.
The polar bear claws you but does no damage.
The black bear rages.
A goblin comes into view. It is wielding a dagger.
The goblin shouts!
The polar bear rages.
The worm moves out of view.
You hit the goblin.
You kill the goblin!
Dithmenos accepts your kill. The polar bear barely misses you.
The polar bear claws you. The polar bear claws you. The polar bear bites you!!
* * * LOW HITPOINT WARNING * * *
The polar bear barely misses you. x2
The black bear rages.
The polar bear bites you!!
You die...

#....# #..###
#..# . ##.#
.# #h## .#
#.<# #.#
...#..####..#
#......h.h#)#
###..#Shhh@.#
#..###...##
#.. ##..# #.
##..# # ##.#
.. ...


You could see 3 polar bears, 2 black bears and an adder.

Vanquished Creatures
  Natasha (twice) (D:2)
  3 gnolls (D:2)
  4 adders
  3 worms (D:2)
  4 bats
  2 giant cockroaches
  11 goblins
  3 hobgoblins
  5 kobolds
  A quokka (D:2)
  A giant gecko (D:1)
  7 giant newts
  4 rats
50 creatures vanquished.

Notes
Turn   | Place    | Note
--------------------------------------------------------------
     0 | D:1      | TruthSerum the Demonspawn Berserker began the quest for the Orb.
     0 | D:1      | Reached XP level 1. HP: 18/18 MP: 1/1
   250 | D:1      | Gained mutation: You have large cloven feet. [demonic ancestry]
   250 | D:1      | Reached XP level 2. HP: 17/24 MP: 2/2
   769 | D:1      | Acquired Trog's second power
   992 | D:2      | Gained mutation: When hurt, damage is shared between your health and your magic reserves. [demonic ancestry]
   992 | D:2      | Reached XP level 3. HP: 22/29 MP: 3/3
  1340 | D:2      | Reached skill level 4 in Fighting
  1340 | D:2      | Gained mutation: You are slightly more attuned to the shadows. [demonic ancestry]
  1340 | D:2      | Reached XP level 4. HP: 14/37 MP: 1/4
  1367 | D:2      | Found a shadowy altar of Dithmenos.
  1419 | D:2      | Found a faded altar to an unknown god.
  1455 | D:2      | Noticed Natasha
  1462 | D:2      | Killed Natasha
  1618 | D:2      | Fell from the grace of Trog
  1618 | D:2      | Became a worshipper of Dithmenos the Shadowed
  1671 | D:2      | Noticed Natasha
  1676 | D:2      | Killed Natasha
  1745 | D:2      | Reached XP level 5. HP: 32/42 MP: 5/5
  1996 | D:3      | Noticed a black bear
  1996 | D:3      | Noticed a polar bear
  1996 | D:3      | Noticed a polar bear
  1996 | D:3      | Noticed a black bear
  1996 | D:3      | Noticed a polar bear
  2000 | D:3      | Mangled by a polar bear

Vault maps used:
D:1:      dpeg_arrival_court
D:2:      grunt_dithmenos_smoke_and_mirrors, ecumenical_altar_2, uniq_natasha
D:3:      first_bread, uniq_robin

Action                   |  1- 3 |  4- 6 || total
-------------------------+-------+-------++-------
Melee: Falchion          |   121 |   111 ||   232
       Short sword       |       |     1 ||     1
  Use: Scroll            |     3 |     1 ||     4
 Stab: Sleeping          |       |     1 ||     1
  Eat: Chunk             |     1 |     3 ||     4
